 Dungeon Crawl Stone Soup version 0.29-a0-838-g385bb11a5b (webtiles) character file.

Game seed: 8531618328863061803

38 zeratav the Stinger (level 3, 0/21 HPs)
             Began as an Octopode Venom Mage on July 13, 2022.
             Splashed by a jelly's acid (7 damage)
             ... on level 2 of the Dungeon.
             The game lasted 00:02:28 (1529 turns).

zeratav the Stinger (Octopode Venom Mage)           Turns: 1529, Time: 00:02:29

Health: 0/21       AC:  1    Str:  7    XL:     3   Next: 43%
Magic:  5/6        EV: 13    Int: 19    God:
Gold:   58         SH:  0    Dex: 12    Spells: 5/6 levels left

rFire   . . .      SeeInvis .   h - +2 dagger (venom) {short}
rCold   . . .      Faith    .   (no shield)
rNeg    . . .      Spirit   .   (helmet restricted)
rPois   .          Reflect  .   (no amulet)
rElec   .          Harm     .   g - +4 ring of protection
rCorr   .          Rampage  .   j - ring of willpower
Will    +....                   (no ring)
Stlth   +++.......              (no ring)
HPRegen 0.07/turn               (no ring)
MPRegen 0.10/turn               (no ring)
                                (no ring)
                                (no ring)

@: corroded
A: almost no armour, amphibious, 8 rings, camouflage 1, gelatinous body 1,
(nimble swimmer 1), tentacles
a: no special abilities


You were on level 2 of the Dungeon.
You visited 1 branch of the dungeon, and saw 2 of its levels.

You collected 58 gold pieces.


Innate Abilities, Weirdness & Mutations

You cannot wear most types of armour.
You are amphibious.
You can wear up to eight rings at the same time.
Your skin changes colour to match your surroundings (Stealth+).
Your rubbery body absorbs attacks. (AC +1, EV +1)
((You are camouflaged when in or above water. (Stealth+)))
You have tentacles for arms and can constrict up to eight enemies at once.


   Skills:
 - Level 2.0 Dodging
 + Level 4.2 Stealth
 - Level 2.0 Spellcasting
 - Level 1.0 Transmutations
 + Level 4.5 Poison Magic


You had 5 spell levels left.
You knew the following spells:

 Your Spells              Type           Power      Damage    Failure   Level
a - Sting                 Tmut/Pois      48%        1d5       5%          1

Your spell library contained the following spells:

 Spells                   Type           Power      Damage    Failure   Level
 Poisonous Vapours        Pois/Air       20%        N/A       10%         2
 Mephitic Cloud           Conj/Pois/Air  7%         N/A       26%         3
 Olgreb's Toxic Radiance  Pois           19%        N/A       26%         4

Inventory:

Hand Weapons
 h - a +2 dagger of venom (weapon) {short}
   (You took it off a goblin on level 1 of the Dungeon)
Jewellery
 g - a +4 ring of protection (left tentacle)
   (You found it on level 1 of the Dungeon)
 j - a ring of willpower (right tentacle)
   (You found it on level 1 of the Dungeon)
Scrolls
 c - 2 scrolls of identify {unknown}
 e - a scroll of blinking {unknown}
 f - a scroll of fog {unknown}
 k - a scroll of immolation {unknown}
 p - a scroll of teleportation {unknown}
 q - a scroll of poison {unknown}
Potions
 a - 2 potions of magic
 b - 2 potions of mutation {unknown}
 d - a potion of ambrosia {unknown}
 i - a potion of curing {unknown}
 l - a potion of berserk rage {unknown}
 m - a potion of degeneration {unknown}
 n - a potion of brilliance {unknown}
 o - a potion of might {unknown}

Dungeon Overview and Level Annotations

Branches:
Dungeon (2/15) Zot: 10472

Altars:

......#.#.. .(....#.#..
......#.### ......#....
..... #.... ###### #....
......# ######## #....
.÷P..JJ##...)).#######.#
#@#....)).##.# #.#
#.#...[..).'.###..
#)#........'..###.
#.#'#......'....).
#.#.#.....##.#.##.
#.#.#....#####....
##.####### ####. ###
<... .....


You could see a jelly and an endoplasm.


Message History

You open the door.
There is an open door here.
q - a scroll labelled RISTRI LOCARRED
b - 2 dark potions (gained 1)
A hobgoblin comes into view.
A rat and an endoplasm come into view.
The hobgoblin shouts!
The endoplasm quivers.
You hit the hobgoblin but do no damage.
The hobgoblin is poisoned.
You grab the hobgoblin. You squeeze the hobgoblin.
You kill the hobgoblin!
The endoplasm closely misses you.
You hit the endoplasm. The endoplasm hits you.
HP[-2]
You take 2 damage, and now have 19/21 hp.
You hit the endoplasm.
You kill the endoplasm!
The rat misses you.
You hit the rat.
You kill the rat!
No target in view!
You see here a +0 pair of gloves.
You see here a +0 hand axe {axe}.
You open the gate. 4 kobolds come into view.
HP[+2]
Your hp is fully restored (21).
There is an open gate here.
A kobold comes into view. It is wielding a +0 short sword.
The helpless kobold fails to defend itself.
You puncture the kobold!
You kill the kobold!
The kobold shouts!
The kobold shouts! x2
You hit the kobold.
The kobold is poisoned.
Your grab misses the kobold. Your squeeze misses the kobold.
You kill the kobold!
Things that are here:
a +0 club {mace}; a kobold corpse You closely miss the kobold.
You grab the kobold.
You constrict the kobold, but do no damage.
The kobold hits you but does no damage.
You hit the kobold.
You kill the kobold!
The kobold hits you with a +0 club.
HP[-2]
You take 2 damage, and now have 19/21 hp.
You hit the kobold.
You kill the kobold!
The kobold hits you with a +0 whip.
HP[-3]
You take 3 damage, and now have 16/21 hp.
You hit the kobold but do no damage.
The kobold is poisoned.
Your grab misses the kobold. Your squeeze misses the kobold.
You kill the kobold!
You now have 58 gold pieces (gained 18).
You open the door.
There is an open door here.
A kobold comes into view. It is wielding a +0 short sword.
The kobold shouts!
HP[+5]
Your hp is fully restored (21).
A kobold is nearby!
The kobold throws a stone.
The stone misses you. The kobold closely misses you.
You hit the kobold. You grab the kobold.
You constrict the kobold, but do no damage.
The kobold hits you but does no damage.
You hit the kobold.
You kill the kobold!
No target in view!
Things that are here:
a +0 short sword {short}; 3 stones {throwing} You open the door. 2 endoplasms come into view.
Something hits the fungus. x2; The fungus is splashed with acid.
The endoplasm quivers.
The sting hits the endoplasm.
The endoplasm partially resists.
A nearby fungus withers and dies.
A jelly comes into view.
MP[-1]
You lost 1 mp, and now have 5/6 mp.
A nearby fungus withers and dies.
You close the door.
You hear a slurping noise.
The jelly eats the door!
You hit the jelly. The acid corrodes you!
Your tentacles burn!
You squeeze the jelly. The jelly hits you.
You are splashed with acid!
* * * LOW HITPOINT WARNING * * *
HP[-12]
You take 12 damage, and now have 9/21 hp.
MASSIVE DAMAGE!! (PAUSE)
You hit the jelly.
Your tentacles burn!
* * * LOW HITPOINT WARNING * * *
You squeeze the jelly, but do no damage.
The endoplasm jiggles.
The jelly hits you.
* * * LOW HITPOINT WARNING * * *
You are splashed with acid!
You die...

Skill      XL: |  1  2  3 |
---------------+----------+-----
Stealth        | 3 4 |  4.2
Poison Magic   | 4 |  4.5
Dodging        | |  2.0
Spellcasting   | |  2.0
Transmutations | |  1.0

Action                   || total
-------------------------++-------
Melee: Dagger            ||    37
       Constrict         ||    10
       Tentacles         ||     5
 Cast: Sting             ||    25
 Stab: Sleeping          ||     3
Armor: Skin              ||     6
Dodge: Dodged            ||    23

Levels and vault maps discovered:
D:1:      kilobyte_arrival_exit_the_forest, layout_loops_cross,
          skrybe_limestone_x
D:2:      cheibrodos_fertilizer, layout_basic

Notes
Turn   | Place    | Note
-------+----------+-------------------------------------------
     0 | D:1      | zeratav the Octopode Venom Mage began the quest for the
                  | Orb.
     0 | D:1      | Reached XP level 1. HP: 11/11 MP: 3/3
     0 | D:1      | magus.rc [v1.9.6]
   245 | D:1      | Reached skill level 3 in Stealth
   439 | D:1      | Reached XP level 2. HP: 17/17 MP: 5/5
   495 | D:1      | Reached skill level 4 in Poison Magic
  1178 | D:2      | Reached XP level 3. HP: 21/21 MP: 4/6
  1231 | D:2      | Reached skill level 4 in Stealth
  1529 | D:2      | Splashed by a jelly's acid

Vanquished Creatures
  2 worms (D:2)
  2 dart slugs
  3 endoplasms
  A giant cockroach (D:1)
  4 goblins (D:1)
  2 hobgoblins (D:2)
  A quokka (D:1)
  2 ball pythons (D:2)
  A bat (D:1)
  8 kobolds
  2 rats (D:2)
28 creatures vanquished.

Vanquished Creatures (others)
  2 fungi (D:2)
  12 toadstools (D:2)
14 creatures vanquished.

Grand Total: 42 creatures vanquished

Table legend:
 A = Non-vault XP
 B = Vault XP
 C = Vault XP percentage of total XP
 D = Non-vault monster count
 E = Vault monster count
 F = Vault count percentage of total count
                 A         B        C        D         E       F
            +---------+---------+-------+---------+---------+-------
      Total |      48 |       7 |  12.7 |      22 |       6 |  21.4
            +---------+---------+-------+---------+---------+-------
        D:1 |      20 |       0 |   0.0 |      10 |       0 |   0.0
        D:2 |      28 |       7 |  20.0 |      12 |       6 |  33.3
            +---------+---------+-------+---------+---------+-------

Illustrated notes

Table legend:
 A = Kills in this place as a percentage of kills in entire the game.
 B = Kills by you in this place as a percentage of kills by you in the entire game.
 C = Kills by friends in this place as a percentage of kills by friends in the entire game.
 D = Other kills in this place as a percentage of other kills in the entire game.
 E = Experience gained in this place as a percentage of experience gained in the entire game.
 F = Experience gained in this place divided by the number of levels of this place that you have seen.
                   A       B       C       D       E      F
               +-------+-------+-------+-------+-------+----------------------
         Total | 100.0 | 100.0 |   N/A |   N/A | 100.0 |  27.5
       Dungeon | 100.0 | 100.0 |   N/A |   N/A | 100.0 |  27.5
               +-------+-------+-------+-------+-------+----------------------

Table legend: (Time is in decaauts)
 A = Elapsed time spent in this place.
 B = Non-inter-level travel time spent in this place.
 C = Inter-level travel time spent in this place.
 D = Time resting spent in this place.
 E = Time spent auto-exploring this place.
 F = Levels seen in this place.
 G = Mean time per level.
                   A        B        C        D        E       F      G
               +--------+--------+--------+--------+--------+-----+--------+
         Total |   1526 |   1494 |     32 |     58 |   1242 |   2 |  763.0 |
       Dungeon |   1526 |   1494 |     32 |     58 |   1242 |   2 |  763.0 |
               +--------+--------+--------+--------+--------+-----+--------+

Top non-repeatable levels by time:
     D:1: 983 daAuts
     D:2: 543 daAuts
